 Dungeon Crawl Stone Soup version 0.29.1-4-g47bece8355 (webtiles) character file.

Game seed: 416369577354288312

9 MajorAdolf the Digger (level 2, -1/22 HPs)
             Began as a Naga Wanderer on Dec 11, 2022.
             Slain by a quokka (3 damage)
             ... on level 1 of the Dungeon.
             The game lasted 00:00:40 (425 turns).

MajorAdolf the Digger (Naga Wanderer)                Turns: 425, Time: 00:00:41

Health: -1/22      AC:  2    Str: 10    XL:     2   Next: 12%
Magic:  5/5        EV:  9    Int: 15    God:
Gold:   23         SH:  0    Dex: 11    Spells: 5/5 levels left

rFire   . . .      SeeInvis +   a - +0 dagger
rCold   . . .      Faith    .   (no shield)
rNeg    . . .      Spirit   .   c - +0 robe
rPois   +          Reflect  .   d - +0 helmet
rElec   .          Harm     .   (no cloak)
rCorr   .          Rampage  .   (no gloves)
Will    .....                   (no barding)
Stlth   +.........              (no amulet)
HPRegen 0.07/turn               (no ring)
MPRegen 0.09/turn               (no ring)

@: hasted, quick
A: AC +0, large, see invisible, deformed body, poison resistance, slowness 2,
spit poison 1, naga tail 1
a: Spit Poison


You were on level 1 of the Dungeon.
You visited 1 branch of the dungeon, and saw 1 of its levels.

You collected 23 gold pieces.

Inventory:

Hand Weapons
 a - a +0 dagger (weapon)
Armour
 c - a +0 robe (worn)
 d - a +0 helmet (worn)
Potions
 e - a potion of ambrosia {unknown}


   Skills:
 - Level 1.5 Dodging
 + Level 2.2 Spellcasting
 + Level 0.8 Conjurations
 - Level 3.0 Summonings
 + Level 3.1 Earth Magic


You had 5 spell levels left.
You didn't know any spells.
Your spell library contained the following spells:

 Spells                   Type           Power      Damage    Failure   Level
 Sandblast                Erth           22%        2d7       6%          1
 Summon Small Mammal      Summ           40%        N/A       6%          1
 Passwall                 Tmut/Erth      5%         N/A       17%         2
 Stone Arrow              Conj/Erth      14%        3d7       28%         3
 Summon Guardian Golem    Hex/Summ       6%         N/A       34%         3


Dungeon Overview and Level Annotations

Branches:
Dungeon (1/15)

Altars:


Innate Abilities, Weirdness & Mutations

Your serpentine skin is tough. (AC +0)
You have supernaturally acute eyesight. (SInv)
Armour fits poorly on your strangely shaped body.
Your system is resistant to poisons. (rPois)
You cover ground very slowly.
You can spit poison.
You have a snake-like lower body.


Message History

The splash of poison hits the endoplasm.
The endoplasm is lightly wounded.
The endoplasm quivers.
A ball python and a quokka come into view.
Found 16 gold pieces.
The ball python hisses angrily.
The endoplasm freezes you.
You are frozen.
The quokka barely misses you.
You closely miss the quokka. The endoplasm freezes you.
You are frozen.
The quokka twitches its whiskers.
The quokka barely misses you.
You barely miss the quokka.
You have got your breath back.
The ball python barely misses you. The endoplasm freezes you.
You are frozen.
The quokka bites you. The ball python barely misses you.
Unknown command.
The quokka bites you. The quokka barely misses you. The endoplasm hits you.
The quokka attacks as you move away! The quokka bites you.
* * * LOW HITPOINT WARNING * * *
The quokka bites you.
* * * LOW HITPOINT WARNING * * *
Aiming: Spit Poison (2% risk of failure)
Press: ? - help, Shift-Dir - straight line, f/p - endoplasm
Aim: an endoplasm (97% to hit)
The splash of poison misses the quokka.
The splash of poison hits the endoplasm.
The endoplasm is lightly wounded.
The quokka bites you but does no damage.
You feel yourself speed up.
The quokka bites you but does no damage.
The quokka bites you.
* * * LOW HITPOINT WARNING * * *
Unknown command.
Okay, then.
You have got your breath back.
The quokka bites you.
You die...

...# #.....# ...###.....#
....##.....#
...÷.......#######
.###....(........#
.#)..#.....#####...
...#####....##### #.####...
................### #...#....
#############...@.###.#......
### #.. #≈####.r.##.#......
.#.###.###.~~. ###S.#........
#...........~. ##J#..$.....
##..~~~~...~~~ #.#........
...~~~~.~.~..≈ #........#
~~.~≈~.~~~~≈.~ #..$.#..##
≈~≈~~.~.≈≈≈~~. #.#....##
≈≈≈≈~.<.~≈≈≈≈. .:......#


You could see an endoplasm, a quokka and a ball python.

Vanquished Creatures
  2 endoplasms (D:1)
  A giant cockroach (D:1)
  2 goblins (D:1)
  A quokka (D:1)
  A rat (D:1)
7 creatures vanquished.

Notes
Turn   | Place    | Note
-------+----------+-------------------------------------------
     0 | D:1      | MajorAdolf the Naga Wanderer began the quest for the Orb.
     0 | D:1      | MajorAdolf set off with the following items: a +0 dagger, a
                  | potion of haste, a +0 robe, a +0 helmet; and the following
                  | spells available to memorise: Sandblast, Summon Small
                  | Mammal, Passwall, Stone Arrow, Summon Guardian Golem.
     0 | D:1      | Reached XP level 1. HP: 15/15 MP: 3/3
   257 | D:1      | Reached XP level 2. HP: 17/22 MP: 5/5
   421 | D:1      | HP: 1/22 [quokka (1)]
   425 | D:1      | Slain by a quokka

Illustrated notes

Levels and vault maps discovered:
D:1:      dpeg_arrival_subterranean_lakeside_camping, layout_rooms, st_stairs_3

Action                   || total
-------------------------++-------
Melee: Dagger            ||    18
 Abil: Spit Poison       ||     9
  Use: Potion            ||     1
Armor: Robe              ||     8
Dodge: Dodged            ||    10
